Map: Nightscape LE

Players

qqq - Winner!

  • Race: Zerg Zerg
  • Spawn Location: 7:00

Massa - Winner!

  • Race: Terran Terran
  • Spawn Location: 7:00

Tokus

  • Race: Zerg Zerg
  • Spawn Location: 1:00

Silwercrow

  • Race: Terran Terran
  • League: Master
  • Spawn Location: 1:00

VOD

Have the link to the VOD?

Description

Time

  • Played on: Jan. 26, 2021, 12:50 p.m.
  • Length: 18:17
Show
View Real Time Build Order
Export as new Build Order

qqq Zerg - Winner!

Build Orders: Hatch First 

Get SALT Encoding   

  12  0:00  Drone  
  13  0:09  Drone  
  14  0:18  Overlord  
  14  0:28  Overlord  
  14  0:55  Hatchery  
  13  1:10  Spawning Pool  
  12  1:14  Drone  
  12  1:17  Extractor  
  12  1:25  Drone  
  13  1:26  Drone  
  13  1:31  Drone  
  15  1:40  Drone  
  16  1:58  Queen  
  18  2:03  Zergling x4  
  20  2:09  Zergling x2  
  20  2:11  Zergling x2  
  22  2:18  Spine Crawler  
  22  2:22  Drone  
  22  2:36  Metabolic Boost  
  22  2:37  Drone  
  22  2:41  Drone  
  24  2:53  Spine Crawler  
  24  2:54  Drone  
  24  2:58  Drone  
  25  3:02  Drone  
  26  3:14  Zergling x2  
  26  3:15  Drone x2  
  29  3:26  Spine Crawler  
  26  3:31  Spine Crawler  
  25  3:34  Zergling x2  
  25  3:35  Zergling x2  
  27  3:49  Drone, Spine Crawler  
  27  3:50  Drone  
  28  4:07  Zergling x6  
  28  4:08  Zergling x4  
  28  4:09  Zergling x2  
  34  4:17  Zergling x2  
  34  4:28  Zergling x2  
  34  4:29  Zergling x2  
  31  4:35  Zergling x2  
  31  4:36  Zergling x2  
  31  4:41  Zergling x2  
  31  4:42  Zergling x2  
  33  4:50  Queen  
  33  5:07  Drone x2  
  33  5:09  Zergling x2  
  36  5:18  Lair, Overlord x2  
  36  5:19  Overlord  
  35  5:37  Overlord  
  35  5:41  Queen  
  37  5:48  Drone x3  
  40  5:50  Drone x2  
  40  5:54  Extractor  
  41  6:04  Drone  
  41  6:08  Drone  
  41  6:09  Drone  
  44  6:16  Drone  
  44  6:17  Drone x3  
  44  6:18  Drone  
  43  6:35  Drone  
  43  6:36  Drone  
  43  6:37  Drone  
  46  6:41  Extractor  
  46  6:43  Extractor  
  46  6:45  Zergling x2  
  46  6:46  Drone, Zergling x4, Spire  
  47  6:47  Drone  
  48  6:59  Drone  
  48  7:01  Zergling x2  
  50  7:07  Zergling x2  
  51  7:18  Zergling x4  
  51  7:19  Zergling x2  
  51  7:20  Drone x2  
  51  7:21  Drone x2  
  58  7:27  Zergling x2  
  59  7:54  Zergling x6  
  62  8:01  Mutalisk x2  
  62  8:05  Overlord x4  
  66  8:07  Zerg Flyer Weapons Level 1  
  66  8:13  Infestation Pit  
  63  8:34  Mutalisk x3  
  62  8:35  Mutalisk x2  
  68  8:42  Drone, Mutalisk x3  
  75  8:50  Mutalisk  
  75  8:54  Mutalisk  
  79  9:07  Hatchery  
  78  9:13  Drone x2  
  80  9:19  Mutalisk x5  
  90  9:29  Hatchery  
  77  9:57  Mutalisk x4  
  81  10:38  Mutalisk x5  
  87  11:02  Mutalisk x2  
  91  11:06  Zergling x2  
  92  11:26  Overlord  
  92  11:27  Overlord x5  
  82  11:54  Pneumatized Carapace  
  82  11:57  Overseer x2  
  82  11:58  Hatchery  
  81  12:05  Hatchery, Hive  
  81  12:08  Mutalisk x2  
  83  12:17  Mutalisk  
  83  12:18  Overlord  
  83  12:19  Overlord x2  
  67  12:58  Mutalisk x4  
  59  13:03  Mutalisk  
  69  13:20  Zergling x2  
  69  13:21  Zergling x6  
  69  13:22  Drone x3  
  76  13:27  Greater Spire  
  76  13:30  Spire  
  75  13:38  Corruptor x2  
  71  13:45  Drone x4  
  73  13:48  Zergling x4  
  73  13:49  Zergling x2  
  73  13:50  Drone  
  77  13:55  Spine Crawler  
  77  13:58  Drone, Queen  
  79  14:07  Drone x2  
  79  14:09  Corruptor x2  
  83  14:18  Mutalisk x2  
  83  14:22  Hatchery  
  77  14:44  Corruptor x3  
  80  14:46  Drone x4  
  80  14:47  Drone x2  
  80  14:49  Extractor  
  80  14:50  Extractor  
  84  14:57  Corruptor  
  84  15:07  Drone x2  
  90  15:12  Zergling x4, Overlord x2  
  90  15:13  Zergling x4  
  94  15:18  Zerg Flyer Armor Level 1  
  88  15:29  Brood Lord x2  
  88  15:31  Brood Lord  
  88  15:32  Drone  
  88  15:33  Drone x5  
  100  15:38  Spine Crawler  
  100  15:40  Drone, Spine Crawler  
  99  15:48  Drone  
  100  15:50  Corruptor  
  104  15:57  Spine Crawler  
  99  16:04  Drone x2  
  99  16:10  Spine Crawler, Corruptor  
  102  16:12  Brood Lord x2  
  102  16:13  Drone x2  
  102  16:14  Drone x4  
  102  16:15  Overlord x2  
  102  16:16  Zergling x6  
  115  16:19  Drone x2  
  115  16:24  Spine Crawler  
  115  16:25  Drone  
  117  16:28  Brood Lord  
  117  16:30  Corruptor  
  117  16:32  Drone x2  
  123  16:43  Extractor x2, Drone  
  123  16:44  Drone x2  
  123  16:45  Corruptor  
  125  17:01  Viper  
  113  17:15  Brood Lord x2  
  112  17:17  Zergling x10  
  112  17:18  Zergling x2  
  118  17:32  Corruptor x2  
  122  17:52  Extractor  
  122  17:53  Extractor  
  122  17:55  Drone x3  
  111  18:08  Hatchery  
Show
View Real Time Build Order
Export as new Build Order

Massa Terran - Winner!

Build Orders:  

Get SALT Encoding   

  12  0:00  SCV  
  13  0:12  SCV  
  14  0:22  Supply Depot  
  14  0:24  SCV  
  15  0:43  SCV  
  15  0:45  Barracks  
  15  0:49  Refinery  
  16  0:52  Refinery  
  16  0:55  SCV  
  17  1:08  SCV  
  18  1:20  SCV  
  19  1:32  SCV  
  20  1:37  Supply Depot  
  20  1:43  Factory  
  20  1:45  Marine  
  21  1:47  Orbital Command  
  21  2:02  Bunker  
  21  2:03  Marine  
  22  2:14  SCV  
  23  2:22  Marine  
  24  2:26  Factory Tech Lab  
  24  2:30  Starport  
  24  2:38  Armory  
  24  2:39  SCV  
  24  2:42  Marine  
  26  2:57  SCV  
  27  2:59  Marine  
  28  3:12  Medivac, Supply Depot  
  30  3:31  Supply Depot  
  30  3:33  Thor  
  36  3:34  Marine  
  36  3:37  Supply Depot  
  36  3:56  Starport Tech Lab  
  36  4:09  Marine  
  34  4:29  Marine  
  34  4:30  Siege Tank  
  28  4:47  Marine  
  28  4:51  SCV  
  22  5:03  SCV  
  23  5:10  Supply Depot  
  23  5:15  SCV  
  24  5:27  SCV  
  25  5:34  Command Center  
  25  5:39  SCV  
  26  5:52  SCV  
  27  6:04  SCV  
  28  6:16  SCV  
  29  6:28  SCV  
  22  6:41  Marine  
  22  6:42  Banshee  
  22  6:44  Cloaking Field  
  26  6:48  Orbital Command  
  26  6:49  SCV  
  27  6:55  Widow Mine  
  27  6:59  Marine  
  30  7:01  SCV  
  30  7:04  Barracks  
  31  7:13  SCV  
  32  7:17  Marine  
  33  7:26  SCV  
  34  7:30  SCV  
  35  7:38  SCV  
  35  7:42  SCV, Barracks  
  35  7:44  Barracks  
  37  7:48  Siege Tank  
  37  7:50  SCV  
  41  7:54  SCV  
  42  8:02  SCV  
  43  8:18  Marine  
  43  8:19  Marine  
  45  8:25  Medivac  
  47  8:29  SCV x2  
  49  8:36  Marine x2  
  49  8:39  Engineering Bay  
  49  8:41  SCV x2  
  53  8:53  SCV x2  
  53  8:54  Marine x2  
  54  9:05  SCV  
  55  9:12  Marine  
  55  9:15  SCV  
  57  9:17  SCV  
  57  9:19  Command Center  
  57  9:20  Barracks Reactor, Barracks Tech Lab x2  
  57  9:23  Siege Tank  
  61  9:24  Medivac  
  61  9:27  SCV  
  61  9:29  SCV  
  61  9:30  Marine  
  66  9:33  Refinery  
  66  9:35  Refinery  
  66  9:39  SCV  
  66  9:41  SCV  
  68  9:48  Marine  
  68  9:51  SCV  
  70  10:02  Supply Depot  
  70  10:03  Supply Depot  
  70  10:06  Supply Depot  
  70  10:10  Stimpack  
  70  10:12  Combat Shield  
  70  10:19  Missile Turret  
  70  10:23  Marine, Missile Turret  
  70  10:24  Banshee, Siege Tank  
  77  10:29  Supply Depot  
  77  10:30  Supply Depot  
  77  10:32  Supply Depot  
  77  10:35  Engineering Bay, Terran Infantry Weapons Level 1  
  77  10:52  SCV x2  
  80  11:04  SCV x2, Barracks  
  80  11:07  Marauder x2  
  80  11:08  Marine x3  
  88  11:12  Cyclone  
  91  11:26  Marine x3  
  91  11:27  Orbital Command  
  91  11:28  SCV x2, Marauder x2  
  100  11:40  SCV  
  100  11:44  Marine x3  
  104  11:49  Marauder  
  104  11:50  Marauder  
  104  11:51  SCV  
  104  11:52  SCV  
  110  11:57  Medivac  
  112  12:03  SCV  
  112  12:05  Terran Infantry Armor Level 1  
  112  12:07  Supply Depot x2  
  113  12:11  Marauder, Supply Depot  
  87  12:46  Marauder  
  87  12:47  Barracks Tech Lab, Marauder, Marine x2  
  87  12:48  Marine  
  92  13:05  Marine x3  
  92  13:08  Marauder x2  
  81  13:29  Marauder x2  
  81  13:30  Marauder, Marine x3  
  85  13:39  Siege Tank  
  88  13:47  Marine  
  88  13:48  Marine  
  85  13:50  Marauder  
  85  13:51  Marauder x2  
  85  13:52  Marine  
  85  13:55  Medivac  
  95  14:05  Marine  
  95  14:06  Marine  
  97  14:10  Marine  
  97  14:11  Siege Tank  
  97  14:12  Marauder x3  
  107  14:23  Marine  
  107  14:24  Marine  
  109  14:25  Medivac  
  109  14:28  Marine  
  109  14:30  Terran Infantry Armor Level 2  
  111  14:33  Marauder x2  
  111  14:34  Marauder  
  117  14:43  Siege Tank  
  120  14:52  Concussive Shells  
  120  14:54  SCV  
  120  14:55  Medivac  
  123  15:00  Command Center  
  123  15:04  Marauder x3, Marine x2  
  123  15:06  SCV  
  132  15:12  Command Center  
  132  15:15  Siege Tank  
  132  15:19  SCV  
  136  15:25  Marauder x2, Medivac  
  142  15:31  SCV  
  143  15:36  SCV x2  
  145  15:43  SCV  
  145  15:44  Missile Turret x2  
  145  15:45  Missile Turret  
  145  15:48  SCV x2  
  148  15:55  SCV  
  149  15:57  Missile Turret  
  149  15:59  Siege Tank  
  152  16:14  Planetary Fortress  
  152  16:16  SCV x3  
  155  16:18  Command Center  
  155  16:21  Marauder x3, Marine x2  
  163  16:28  SCV x3  
  163  16:31  Siege Tank  
  169  16:40  SCV  
  169  16:42  Marauder  
  172  16:54  Refinery  
  172  16:55  Supply Depot  
  172  16:58  Refinery, Supply Depot  
  172  16:59  Supply Depot  
  172  17:04  Marauder x2  
  172  17:07  Marauder, Marine  
  172  17:08  Marine x2  
  172  17:09  Siege Tank  
  168  17:19  Supply Depot  
  166  17:22  Supply Depot  
  166  17:25  Marauder x2, Marine  
  166  17:28  Marauder  
  166  17:41  Siege Tank  
  169  17:47  Marauder  
Show
View Real Time Build Order
Export as new Build Order

Tokus Zerg 

Build Orders: Pool First 

Get SALT Encoding   

  12  0:00  Drone  
  13  0:08  Drone  
  14  0:25  Spawning Pool  
  13  0:29  Drone  
  14  0:40  Overlord  
  14  0:45  Overlord  
  14  0:59  Drone x2  
  14  1:03  Drone  
  17  1:05  Extractor  
  16  1:14  Drone  
  16  1:16  Queen  
  19  1:24  Drone  
  20  1:34  Drone  
  21  1:46  Drone  
  22  1:48  Hatchery  
  21  2:02  Zergling x2  
  21  2:07  Zergling x2  
  23  2:12  Queen  
  23  2:14  Metabolic Boost  
  25  2:30  Overlord x2  
  25  2:48  Zergling x4  
  25  2:49  Zergling x2  
  28  3:00  Queen  
  30  3:09  Drone x4  
  30  3:10  Drone  
  35  3:25  Zergling x2  
  35  3:26  Zergling x6  
  38  3:48  Zergling x2  
  38  3:49  Zergling x6  
  38  3:54  Drone, Baneling Nest  
  42  4:06  Zergling x4  
  42  4:07  Overlord x2  
  42  4:08  Overlord x3  
  41  4:21  Zergling x4  
  35  4:40  Zergling x2  
  35  4:41  Zergling x10  
  40  4:55  Baneling x3  
  40  4:56  Baneling x2  
  40  4:57  Zergling x6  
  42  5:16  Hatchery  
  41  5:28  Drone  
  41  5:29  Drone x5  
  47  5:36  Extractor, Drone x2  
  47  5:37  Drone x3  
  47  5:39  Overlord x2  
  50  6:10  Zergling x8  
  54  6:38  Zergling x4  
  54  6:39  Zergling x10  
  57  6:51  Queen  
  59  6:55  Overlord x2  
  59  6:56  Overlord  
  59  6:58  Zergling x6  
  59  6:59  Zergling x2  
  63  7:01  Lair  
  63  7:33  Extractor  
  63  7:34  Extractor  
  63  7:37  Drone x9  
  64  7:38  Drone x7  
  77  7:48  Drone, Evolution Chamber  
  77  7:50  Evolution Chamber  
  76  8:16  Queen  
  74  8:33  Zergling x8  
  74  8:34  Zergling x8  
  80  8:48  Zerg Ground Armor Level 1, Zerg Melee Weapons Level 1  
  80  8:52  Infestation Pit  
  80  8:54  Spore Crawler  
  78  8:56  Drone x3  
  78  8:57  Drone x2  
  78  8:58  Drone  
  78  9:01  Extractor  
  78  9:02  Drone x2  
  85  9:03  Extractor, Drone  
  85  9:04  Drone x2  
  85  9:05  Drone x3  
  85  9:07  Spore Crawler  
  89  9:16  Spore Crawler  
  88  9:19  Spore Crawler  
  88  9:21  Spore Crawler  
  88  9:23  Spore Crawler  
  85  9:36  Centrifical Hooks  
  85  9:40  Hatchery  
  78  10:02  Baneling  
  78  10:03  Baneling x2  
  78  10:04  Baneling x7  
  78  10:05  Baneling x4  
  78  10:06  Baneling x3  
  66  10:25  Spore Crawler x2  
  66  10:27  Spore Crawler  
  63  10:48  Spore Crawler  
  63  10:49  Spore Crawler  
  61  10:51  Spore Crawler  
  61  10:52  Spore Crawler x2  
  56  11:23  Hydralisk Den  
  47  11:28  Spore Crawler  
  47  11:30  Drone  
  47  11:31  Drone x8  
  47  11:32  Drone, Spore Crawler  
  55  11:35  Drone x2  
  55  11:36  Drone x5  
  55  11:37  Drone  
  60  11:52  Grooved Spines  
  60  11:53  Zerg Ground Armor Level 2, Zerg Missile Weapons Level 1  
  60  12:01  Hydralisk x3  
  60  12:02  Hydralisk x6  
  60  12:03  Hydralisk x6  
  90  12:24  Drone  
  90  12:25  Drone x3, Queen  
  96  12:30  Spore Crawler  
  95  12:43  Hydralisk x7  
  95  12:44  Hydralisk x5  
  99  12:57  Zergling x8  
  99  12:58  Zergling x10  
  94  13:03  Muscular Augments  
  71  13:40  Hydralisk x2  
  71  13:41  Hydralisk x7, Zergling x6  
  75  13:42  Zergling x8  
  75  13:47  Extractor  
  94  13:51  Queen  
  96  13:59  Zerg Missile Weapons Level 2  
  96  14:13  Hatchery  
  93  14:30  Hydralisk x3  
  93  14:31  Hydralisk x5, Zergling x6  
  97  14:32  Hydralisk, Zergling x6  
  113  14:54  Drone x2  
  113  14:55  Spore Crawler x2  
  113  15:05  Spore Crawler  
  112  15:07  Spore Crawler  
  111  15:18  Hive  
  111  15:22  Hatchery  
  110  15:41  Extractor  
  109  15:42  Extractor  
  109  15:45  Drone  
  109  16:04  Spore Crawler  
  109  16:08  Spore Crawler  
  107  16:15  Hatchery  
  107  16:17  Overlord x3  
  107  16:18  Overlord x6  
  106  16:33  Zergling x12  
  106  16:34  Zergling x16  
  106  16:35  Zergling x4  
  106  16:36  Drone x5  
  106  16:37  Drone x7  
  134  17:06  Zergling x2  
  134  17:07  Zergling x16  
  134  17:08  Zergling x14  
  118  17:18  Zergling x6  
  119  17:31  Baneling  
  119  17:32  Baneling x6  
  119  17:33  Baneling x3  
Show
View Real Time Build Order
Export as new Build Order

Silwercrow Terran 

Build Orders: 2 Factory, Hellion Opening 

Get SALT Encoding   

  12  0:01  SCV  
  13  0:13  SCV  
  14  0:17  Supply Depot  
  14  0:25  SCV  
  15  0:28  Refinery  
  15  0:39  SCV  
  16  0:48  Barracks  
  16  0:52  SCV  
  17  1:01  Refinery  
  18  1:04  SCV  
  18  1:16  SCV  
  19  1:34  Orbital Command  
  19  1:37  Factory  
  19  1:38  Barracks Reactor  
  19  1:56  Factory  
  19  2:00  SCV  
  20  2:05  Supply Depot  
  20  2:13  SCV  
  21  2:28  Barracks Reactor, Hellion x2  
  25  2:40  Hellion  
  25  2:41  Supply Depot  
  27  2:50  Hellion x2  
  31  2:54  Supply Depot  
  31  3:15  Hellion x4  
  39  3:36  Hellion  
  39  3:37  Supply Depot  
  39  3:39  Hellion x2  
  33  4:44  Hellion x2  
  33  4:45  Hellion x2  
  31  4:57  SCV  
  30  5:02  Factory x2  
  30  5:06  Hellion x2  
  34  5:08  Command Center  
  34  5:09  SCV  
  38  5:21  SCV  
  38  5:31  Widow Mine x4  
  38  5:33  SCV  
  45  5:45  SCV  
  46  5:51  Factory Tech Lab  
  46  5:52  Factory Tech Lab  
  46  5:57  SCV  
  47  6:09  SCV  
  48  6:11  Cyclone  
  48  6:13  Widow Mine x2  
  55  6:24  Orbital Command  
  49  6:39  Hellion x3  
  55  6:53  Cyclone  
  58  7:14  Orbital Command  
  58  7:15  Cyclone, Hellion  
  60  7:20  SCV  
  64  7:26  Hellion x3  
  70  7:32  SCV  
  70  7:33  Hellion  
  73  7:44  SCV  
  74  7:57  SCV  
  75  7:59  SCV  
  72  8:09  SCV  
  72  8:10  Cyclone x2  
  72  8:11  SCV  
  74  8:21  SCV  
  74  8:23  SCV  
  76  8:30  Refinery  
  76  8:31  Hellion  
  76  8:32  Refinery  
  78  8:34  Mag-Field Accelerator  
  78  8:46  Hellion  
  77  8:59  SCV  
  78  9:12  Supply Depot  
  78  9:13  Supply Depot  
  78  9:17  Infernal Pre-Igniter  
  78  9:19  SCV, Hellion x2, Cyclone  
  86  9:33  Cyclone  
  86  9:34  Hellion x2  
  86  9:36  Supply Depot x2  
  93  9:50  Widow Mine x2  
  93  9:51  Cyclone  
  86  9:55  Widow Mine x2  
  80  10:26  Cyclone  
  66  10:39  Cyclone  
  66  10:41  Hellion x2  
  51  10:58  Cyclone  
  51  11:00  SCV  
  51  11:01  SCV  
  54  11:11  Cyclone  
  57  11:12  SCV  
  57  11:13  SCV  
  53  11:24  Widow Mine x4  
  59  11:25  SCV  
  59  11:30  Cyclone  
  57  11:43  Cyclone  
  57  11:44  SCV x2  
  57  11:45  Widow Mine  
  64  11:56  SCV x2  
  66  12:08  Cyclone, SCV x2  
  69  12:15  Cyclone  
  72  12:20  SCV x2  
  70  12:32  SCV  
  63  12:40  Cyclone  
  58  12:58  Cyclone, Hellion x3  
  57  12:59  Hellion  
  53  13:12  Cyclone  
  62  13:20  Hellion x4  
  64  13:30  Cyclone  
  62  13:42  Hellion x2  
  62  13:44  Cyclone  
  69  13:51  Hellion x2  
  73  14:02  Cyclone  
  76  14:03  SCV x2, Hellion  
  80  14:16  Cyclone  
  72  14:28  Hellion x2  
  67  14:34  Cyclone  
  62  14:48  Cyclone  
  62  14:52  Hellion x3  
  65  15:06  Cyclone  
  68  15:20  Cyclone  
  71  15:39  Command Center  
  71  15:43  Siege Tank  
  71  15:44  Hellion  
  71  15:45  SCV  
  77  16:10  SCV x2  
  79  16:16  Cyclone  
  82  16:19  Hellion  
  82  16:22  SCV x2  
  86  16:34  SCV  
  86  16:35  Cyclone  
  47  17:18  Hellion  
  47  17:19  Hellion x5  
  54  17:40  Hellion x2  
  55  17:49  Hellion x2  
Tags
 
Add a new tag
Caveats
  • Supply blocks, unpowered buildings, or Contaminate may cause inaccurate times.
  • Supply counts are checked every 10 seconds.